 Dungeon Crawl Stone Soup version 0.29-a0-925-g0a7a3d12f8 (webtiles) character file.

Game seed: 4886389637316599971

20 pmoppi the Chopper (level 2, -6/23 HPs)
             Began as a Demonspawn Gladiator on July 28, 2022.
             Mangled by a gnoll
             ... wielding a +0 flail
              (11 damage)
             ... on level 1 of the Dungeon.
             The game lasted 00:01:53 (758 turns).

pmoppi the Chopper (Demonspawn Gladiator)            Turns: 758, Time: 00:01:54

Health: -6/23      AC:  4    Str: 14    XL:     2   Next: 58%
Magic:  2/2        EV: 12    Int:  9    God:
Gold:   59         SH:  0    Dex: 16    Spells: 1/1 levels left

rFire   . . .      SeeInvis .   a - +0 war axe
rCold   . . .      Faith    .   (no shield)
rNeg    . . .      Spirit   .   b - +0 leather armour
rPois   .          Reflect  .   c - +0 helmet
rElec   .          Harm     .   (no cloak)
rCorr   .          Rampage  .   (no gloves)
Will    .....                   (no boots)
Stlth   ++........              (no amulet)
HPRegen 0.07/turn               (no ring)
MPRegen 0.08/turn               (no ring)

@: no status effects
A: thin skeletal structure 1
a: no special abilities


You were on level 1 of the Dungeon.
You visited 1 branch of the dungeon, and saw 1 of its levels.

You collected 59 gold pieces.

Inventory:

Hand Weapons
 a - a +0 war axe (weapon)
Missiles
 d - 3 throwing nets (quivered)
 e - a javelin
Armour
 b - a +0 leather armour (worn)
 c - a +0 helmet (worn)
 f - a +0 ring mail
Jewellery
 h - an amulet of guardian spirit
Scrolls
 g - a scroll of blinking {unknown}
 i - a scroll of teleportation {unknown}
 j - a scroll of identify {unknown}
Potions
 k - a potion of resistance {unknown}


   Skills:
 + Level 2.3 Fighting
 * Level 3.2 Axes
 - Level 1.7 Throwing
 + Level 0.8 Armour
 - Level 2.6 Dodging


You had one spell level left.
You didn't know any spells.
Your spell library was empty.

Dungeon Overview and Level Annotations

Branches:
Dungeon (1/15)

Altars:


Innate Abilities, Weirdness & Mutations

You have a somewhat thin skeletal structure. (Dex +2, Stealth+)


Message History

j - a scroll labelled OTEMEUG GUAM A rat comes into view.
A rat is nearby!
A rat is nearby!
A rat is nearby!
The rat closely misses you.
You barely miss the rat.
The rat bites you but does no damage. x2
You hit the rat.
You kill the rat!
No target in view!
You now have 59 gold pieces (gained 12).
k - a metallic amethyst potion A rat comes into view.
A rat is nearby!
A rat is nearby!
A rat is nearby!
The helpless rat fails to defend itself.
You hit the rat but do no damage. Your punch misses the rat.
The rat barely misses you.
You hit the rat.
You kill the rat!
No target in view!
Found an escape hatch in the floor.
There is an escape hatch in the floor here.
You open the door.
Found an escape hatch in the floor.
There is an open door here.
A gnoll comes into view. It is wielding a +0 flail.
The gnoll shouts!
A gnoll is nearby!
A gnoll is nearby!
The gnoll hits you but does no damage.
You closely miss the gnoll. The gnoll hits you with a +0 flail!
You closely miss the gnoll. The gnoll barely misses you.
Unknown command.
You barely miss the gnoll. The gnoll hits you with a +0 flail.
The gnoll hits you with a +0 flail!
* * * LOW HITPOINT WARNING * * *
You barely miss the gnoll. The gnoll hits you with a +0 flail!
You die...

...#.#.......#
.......#####.#########
...#.###
#†..........## #.####
#.#.#######..# ###
#..#.........#
##'####.#>...# ##
##....####...# .#
#.......###### ..#
#..#...@g.# ..#
######.......# ..#
#..#####.....#
..#######....#####>#.#
..........<....##### #
...####.##.......###
#..# #.####.......##
#..# #.# #..##....#
#..####.###########.#


You could see a gnoll.

Vanquished Creatures
  A dart slug (D:1)
  2 endoplasms (D:1)
  A giant cockroach (D:1)
  A goblin (D:1)
  4 jackals (D:1)
  A kobold (D:1)
  3 ball pythons (D:1)
  A bat (D:1)
  A frilled lizard (D:1)
  2 rats (D:1)
17 creatures vanquished.

Notes
Turn   | Place    | Note
-------+----------+-------------------------------------------
     0 | D:1      | pmoppi the Demonspawn Gladiator began the quest for the
                  | Orb.
     0 | D:1      | Reached XP level 1. HP: 16/16 MP: 1/1
   320 | D:1      | Reached skill level 3 in Axes
   320 | D:1      | Gained mutation: You have a somewhat thin skeletal
                  | structure. (Dex +2, Stealth+) [demonic ancestry]
   320 | D:1      | Reached XP level 2. HP: 18/22 MP: 2/2
   758 | D:1      | Mangled by a gnoll

Illustrated notes

Levels and vault maps discovered:
D:1:      dpeg_arrival_long_road, layout_loops_ring,
          nicolae_figureground_sparkle

Skill      XL: |  1 |
---------------+----+-----
Axes           | 3 |  3.2
Fighting       | |  2.3
Throwing       | |  1.7
Armour         | |  0.8
Dodging        | |  2.6

Action                   || total
-------------------------++-------
Melee: War axe           ||    47
 Stab: Sleeping          ||     2
Armor: Leather armour    ||    20
Dodge: Dodged            ||    36

Table legend: (Time is in decaauts)
 A = Elapsed time spent in this place.
 B = Non-inter-level travel time spent in this place.
 C = Inter-level travel time spent in this place.
 D = Time resting spent in this place.
 E = Time spent auto-exploring this place.
 F = Levels seen in this place.
 G = Mean time per level.
                   A        B        C        D        E       F      G
               +--------+--------+--------+--------+--------+-----+--------+
         Total |    775 |    775 |      0 |      0 |    636 |   1 |  775.0 |
       Dungeon |    775 |    775 |      0 |      0 |    636 |   1 |  775.0 |
               +--------+--------+--------+--------+--------+-----+--------+

Top non-repeatable levels by time:
     D:1: 775 daAuts
